 Dungeon Crawl Stone Soup version 0.30-a0-715-gdb4ae3ece1 (webtiles) character file.

Game seed: 13050972023356869963

373 M4edhros the Insei (level 6, -1/38 HPs)
             Began as an Octopode Artificer on Jan 24, 2023.
             Was a Believer of Cheibriados.
             Slain by an ogre
             ... wielding a +0 giant club
              (23 damage)
             ... on level 5 of the Dungeon.
             The game lasted 00:04:37 (2386 turns).

M4edhros the Insei (Octopode Artificer)             Turns: 2386, Time: 00:04:38

Health: -1/38      AC:  1    Str: 15    XL:     6   Next: 71%
Magic:  15/15      EV: 19    Int: 17    God:    Cheibriados [**....]
Gold:   183        SH:  0    Dex: 19    Spells: 5/5 levels left

rFire   . . .      SeeInvis .      - Unarmed
rCold   . . .      Faith    .    (no shield)
rNeg    . . .      Spirit   .    (helmet restricted)
rPois   .          Reflect  .    (no amulet)
rElec   .          Harm     .    v - +5 ring of evasion
rCorr   .          Rampage  .    u - ring of magical power
Will    .....                    (no ring)
Stlth   +++                      (no ring)
HPRegen 0.26/turn                (no ring)
MPRegen 0.14/turn                (no ring)
                                 (no ring)
                                 (no ring)

@: very slow
A: almost no armour, amphibious, 8 rings, camouflage 1, gelatinous body 1,
(nimble swimmer 1), tentacles
a: Renounce Religion, Bend Time


You were on level 5 of the Dungeon.
You worshipped Cheibriados.
Cheibriados was pleased with you.
You visited 1 branch of the dungeon, and saw 5 of its levels.

You collected 183 gold pieces.

Inventory:

Missiles
 m - 5 poisoned darts (quivered)
Jewellery
 u - a ring of magical power (right tentacle)
 v - a +5 ring of evasion (left tentacle)
Wands
 b - a wand of flame (8)
 c - a wand of charming (9)
 d - a wand of iceblast (5)
Scrolls
 a - a scroll of fog {unknown}
 e - 2 scrolls of immolation {unknown}
 f - 2 scrolls of magic mapping {unknown}
 g - 4 scrolls of teleportation {unknown}
 j - a scroll of blinking {unknown}
 l - a scroll of fear {unknown}
 o - a scroll of acquirement {unknown}
 p - a scroll of vulnerability {unknown}
 r - 2 scrolls of identify {unknown}
 t - a scroll of amnesia {unknown}
 y - a scroll of brand weapon {unknown}
 B - a scroll of silence {unknown}
Potions
 h - a potion of lignification {unknown}
 i - a potion of resistance {unknown}
 k - a potion of invisibility {unknown}
 n - 2 potions of mutation {unknown}
 q - a potion of heal wounds {unknown}
 s - a potion of magic {unknown}
 w - 2 potions of curing {unknown}
 x - a potion of ambrosia {unknown}
 z - a potion of might {unknown}
 A - a potion of cancellation {unknown}


   Skills:
 - Level 1.0 Fighting
 - Level 2.3 Dodging
 - Level 1.3 Stealth
 + Level 6.5 Unarmed Combat
 - Level 3.2 Evocations


You had 5 spell levels left.
You didn't know any spells.
Your spell library contained the following spells:

 Spells                   Type           Power      Damage    Failure   Level
 Blink                    Tloc           0%         N/A       34%         2
 Lesser Beckoning         Tloc           0%         N/A       34%         2
 Momentum Strike          Conj/Tloc      0%         3d8       34%         2


Dungeon Overview and Level Annotations

Branches:
Dungeon (5/15)
 Temple: D:4-7

Altars:
Cheibriados
Kikubaaqudgha
The Shining One


Innate Abilities, Weirdness & Mutations

You cannot wear most types of armour.
You are amphibious.
You can wear up to eight rings at the same time.
Your skin changes colour to match your surroundings (Stealth+).
Your rubbery body absorbs attacks. (AC +1, EV +1)
((You are camouflaged when in or above water. (Stealth+)))
You have tentacles for arms and can constrict up to eight enemies at once.


Message History

The adder is moderately wounded.
You constrict the adder. The adder barely misses you.
Your iguana barely misses the adder.
You tentacle-slap the adder.
The adder is heavily wounded.
You constrict the adder. The adder misses you.
Your iguana bites the adder.
The adder dies!
Cheibriados appreciates the change of pace.
Cheibriados raises the support of your attributes as your movement slows.
What are your orders? t - Shout!
Orders for allies: a - Attack new target. p - Attack previous target. r - Retreat! s - Stop attacking. g - Guard the area. f - Follow me.
Anything else - Cancel.
Guard this area!
An ogre comes into view. It is wielding a +0 giant club.
The iguana is no longer charmed.
The ogre moves out of view.
The ogre shouts!
A phantom comes into view.
Aiming: Throw Flame
Press: ? - help, Shift-Dir - straight line, f - ogre
Aim: an ogre, wielding a +0 giant club (86% to hit)
The puff of flame hits the ogre!
The ogre is moderately wounded.
Aiming: Throw Flame
Press: ? - help, Shift-Dir - straight line, f/p - ogre
Aim: an ogre, wielding a +0 giant club (moderately wounded, 86% to hit)
The puff of flame hits the ogre!
The ogre is heavily wounded.
Aiming: Throw Flame
Press: ? - help, Shift-Dir - straight line, f/p - ogre
Aim: an ogre, wielding a +0 giant club (heavily wounded, 86% to hit)
The puff of flame hits the ogre.
The ogre is severely wounded.
You tentacle-slap the ogre but do no damage.
The ogre is severely wounded.
The ogre hits you with a +0 giant club!!
Ouch! That really hurt!
You die...

.....(.................
#....................##
##............##......##
#.......................
........................
#..>..........#........
.#.....W.......##.......
.......O............##..
.......@.....##.#.#..##.
.............#.....#....
.............#.....#....
..#....................#
. #.......###......###.#
#........##......##...
#..##.................
#... ##....)..#...##...
.....S..##.#.†..l...##.


You could see an ogre and a phantom.

Vanquished Creatures
  A black bear (D:5)
  A scorpion (D:5)
  A howler monkey (D:4)
  A hound (D:4)
  6 adders
  A worm (D:4)
  A dart slug (D:2)
  11 orcs
  6 endoplasms
  3 giant cockroaches
  A goblin (D:3)
  2 hobgoblins (D:2)
  8 jackals
  2 quokkas
  11 ball pythons
  5 bats
  6 kobolds
  4 rats
71 creatures vanquished.

Vanquished Creatures (collateral kills)
  An adder (D:5)
  An orc (D:4)
2 creatures vanquished.

Vanquished Creatures (others)
  2 orc priests (D:4)
  8 plants (D:4)
10 creatures vanquished.

Grand Total: 83 creatures vanquished

Notes
Turn   | Place    | Note
-------+----------+-------------------------------------------
     0 | D:1      | M4edhros the Octopode Artificer began the quest for the
                  | Orb.
     0 | D:1      | Reached XP level 1. HP: 13/13 MP: 1/1
   177 | D:2      | Reached skill level 1 in Unarmed Combat
   267 | D:2      | Reached skill level 2 in Unarmed Combat
   267 | D:2      | Reached XP level 2. HP: 3/18 MP: 2/2
   366 | D:2      | Reached XP level 3. HP: 9/23 MP: 3/3
   469 | D:2      | Identified the +0 plate armour of the Archfiend {Regen+
                  | Slay+3 Stlth+}
   580 | D:3      | Reached skill level 3 in Unarmed Combat
   707 | D:4      | Found a glowing golden altar of the Shining One.
   726 | D:4      | Reached XP level 4. HP: 26/28 MP: 4/4
   781 | D:4      | Reached skill level 4 in Unarmed Combat
   874 | D:4      | Reached XP level 5. HP: 7/33 MP: 5/5
  1158 | D:4      | Found a snail-covered altar of Cheibriados.
  1175 | D:4      | Became a worshipper of Cheibriados the Contemplative
  1423 | D:1      | Reached skill level 5 in Unarmed Combat
  1445 | D:1      | Found a faded altar of an unknown god.
  1808 | D:2      | Reached * piety under Cheibriados
  2250 | D:4      | Found an ancient bone altar of Kikubaaqudgha.
  2265 | D:5      | Entered Level 5 of the Dungeon
  2297 | D:5      | Noticed a black bear
  2305 | D:5      | Killed a black bear
  2306 | D:5      | Reached skill level 6 in Unarmed Combat
  2306 | D:5      | Reached XP level 6. HP: 38/38 MP: 6/6
  2368 | D:5      | Reached ** piety under Cheibriados
  2386 | D:5      | Slain by an ogre

Illustrated notes

Levels and vault maps discovered:
D:1:      elethiomel_arrival_quiet, layout_loops_corners,
          nicolae_ecumenical_snake_handling, chequers_serial_rivers_small_3,
          chequers_jeans
D:2:      layout_basic
D:3:      layout_basic, zin_statuary
D:4:      layout_loops_cross, mainiacjoe_overflow_cross_hatched,
          cheibrodos_worm_habitat, fiery_altar_vehumet,
          nicolae_kikubaaqudgha_miasma_corner
D:5:      layout_cave_pools, nicolae_elyvilon_peaceful_grove

Skill      XL: |  1  2  3  4  5 |
---------------+----------------+-----
Unarmed Combat | 2 3 4 6 |  6.5
Fighting       | |  1.0
Dodging        | |  2.3
Stealth        | |  1.3
Evocations     | |  3.2

Action                     |  1- 3 |  4- 6 || total
---------------------------+-------+-------++-------
  Melee: Unarmed           |    45 |   116 ||   161
         Constrict         |    10 |    32 ||    42
         Tentacles         |     5 |    27 ||    32
         Punch             |     2 |     1 ||     3
  Evoke: Wand              |     2 |    11 ||    13
   Stab: Sleeping          |     7 |    11 ||    18
 Armour: Skin              |     8 |     6 ||    14
  Dodge: Dodged            |    35 |   109 ||   144

Table legend: (Time is in decaauts)
 A = Elapsed time spent in this place.
 B = Non-inter-level travel time spent in this place.
 C = Inter-level travel time spent in this place.
 D = Time resting spent in this place.
 E = Time spent auto-exploring this place.
 F = Levels seen in this place.
 G = Mean time per level.
                   A        B        C        D        E       F      G
               +--------+--------+--------+--------+--------+-----+--------+
         Total |   2701 |   2464 |    237 |      0 |   1640 |   5 |  540.2 |
       Dungeon |   2701 |   2464 |    237 |      0 |   1640 |   5 |  540.2 |
               +--------+--------+--------+--------+--------+-----+--------+

Top non-repeatable levels by time:
     D:2: 709 daAuts
     D:3: 638 daAuts
     D:1: 624 daAuts
     D:4: 572 daAuts
     D:5: 156 daAuts
